 Dungeon Crawl Stone Soup version 0.31-a0-145-g046c7d2549 (webtiles) character file.

Game seed: 9693195034719290581

646 jasper the Digger (level 7, -7/36 HPs)
             Began as a Deep Elf Earth Elementalist on June 6, 2023.
             Was a Believer of Sif Muna.
             Mangled by an ice beast (14 damage)
             ... on level 4 of the Dungeon.
             The game lasted 00:04:50 (3652 turns).

jasper the Digger (Deep Elf Earth Elementalist)     Turns: 3652, Time: 00:04:51

Health: -7/36      AC:  5    Str:  5    XL:     7   Next: 27%
Magic:  13/16      EV: 11    Int: 22    God:    Sif Muna [**....]
Gold:   223        SH:  0    Dex: 15    Spells: 10/16 levels left

rFire   . . .        g - +1 short sword (drain)
rCold   . . .        (no shield)
rNeg    + . .        k - +0 leather armour {rN+}
rPois   .            e - +0 helmet
rElec   .            (no cloak)
rCorr   .            (no gloves)
SInv    .            o - +0 pair of boots
Will    .....        (no amulet)
Stlth   ++           (no ring)
HPRegen 0.26/turn    (no ring)
MPRegen 0.15/turn

%: no passive effects
@: very slightly contaminated
A: no striking features
a: Renounce Religion, Channel Magic


You were on level 4 of the Dungeon.
You worshipped Sif Muna.
Sif Muna was pleased with you.
You visited 1 branch of the dungeon, and saw 4 of its levels.

You collected 223 gold pieces.

Inventory:

Hand Weapons
 d - a +1 dagger of draining
 g - a +1 short sword of draining (weapon)
Armour
 a - a +0 robe
 e - a +0 helmet (worn)
 k - a +0 leather armour of positive energy (worn)
 o - a +0 pair of boots (worn)
Jewellery
 n - a ring of wizardry
Wands
 m - a wand of roots (6)
Scrolls
 c - 3 scrolls of identify
 h - 2 scrolls of brand weapon
 i - a scroll of fear
 j - a scroll of enchant weapon
 l - a scroll of summoning {unknown}
 p - a scroll of amnesia {unknown}
Potions
 b - a potion of magic
 f - 2 potions of curing


   Skills:
 - Level 2.4 Dodging
 - Level 2.4 Stealth
 - Level 5.0 Spellcasting
 + Level 4.9 Conjurations
 - Level 2.0 Transmutations
 + Level 6.7 Earth Magic


You had 10 spell levels left.
You knew the following spells:

 Your Spells              Type           Power      Damage    Failure   Level
a - Sandblast             Erth           70%        2d15      1%          1
b - Passwall              Tmut/Erth      20%        N/A       4%          2
c - Stone Arrow           Conj/Erth      62%        3d10      4%          3

Your spell library contained the following spells:

 Spells                   Type           Power      Damage    Failure   Level
 Hailstorm                Conj/Ice       16%        3d6       19%         3
 Petrify                  Tmut/Erth      24%        N/A       28%         4
 Frozen Ramparts          Ice            10%        1d2       45%         3
 Vhi's Electric Charge    Tloc/Air       10%        N/A       45%         3
 Ice Form                 Ice/Tmut       9%         N/A       73%         4
 Summon Ice Beast         Ice/Summ       5%         N/A       86%         4
 Arcjolt                  Conj/Air       8%         1d18      86%         5
 Simulacrum               Ice/Necr       2%         N/A       100%        6
 Maxwell's Capacitive Co  Air            2%         ∞         100%        8


Dungeon Overview and Level Annotations

Branches:
Dungeon (4/15)
 Temple: D:4-7

Altars:
Gozag
Nemelex Xobeh
Ru
Sif Muna
Trog
Vehumet
Xom

Shops:
D:1 [

Annotations:
D:4 Grinder


Message History

An ice beast is nearby!
Aiming: Sandblast (safe; 1% risk of failure)
Press: ? - help, Q - select action, (/) - cycle Shift-Dir - straight line, f - you That would be overly suicidal.
Okay, then.
Grinder comes into view.
She is carrying a wand of flame (19).
Grinder shouts!
Grinder says, "DUCK!"
Grinder zaps a wand.
The puff of flame misses you.
Aiming: Sandblast (safe; 1% risk of failure)
Press: ? - help, Q - select action, (/) - cycle Shift-Dir - straight line, f - Grinder
Aim: Grinder, carrying a wand of flame (18) (82% to hit)
The blast of sand hits Grinder!
Grinder is moderately wounded.
Grinder zaps a wand.
The puff of flame hits you!
An endoplasm comes into view.
You take 7 damage, and have 29/36 hp.
You now have 15/16 mp.
Aiming: Sandblast (safe; 1% risk of failure)
Press: ? - help, Q - select action, (/) - cycle Shift-Dir - straight line, f/p - Grinder
Aim: Grinder, carrying a wand of flame (17) (moderately wounded, 82% to hit)
The blast of sand hits Grinder!!
Grinder is almost dead.
The ice beast closely misses you. Grinder hits you!
You writhe in agony.
You take 10 damage, and have 19/36 hp.
MASSIVE DAMAGE!!
You now have 14/16 mp.
Grinder attacks as you move away! Grinder hits you.
You writhe in agony.
You take 5 damage, and have 14/36 hp.
The ice beast attacks as you move away! The ice beast hits you.
The ice beast freezes you.
* * * LOW HITPOINT WARNING * * *
You take 6 damage, and have 8/36 hp.
Aiming: Sandblast (safe; 1% risk of failure)
Press: ? - help, Q - select action, (/) - cycle Shift-Dir - straight line, f - ice beast
Aim: an ice beast (84% to hit)
You miscast Sandblast.
You are very lightly contaminated with residual magic.
Nothing appears to happen.
The ice beast hits you.
* * * LOW HITPOINT WARNING * * *
The ice beast freezes you!
You die...

##########
#........#
#'''####.###
♣...♣ #...###
♣♣...♣ ###...#
♣♣.♣@♣.♣ ###.#
♣..Y♣...♣
#.#####
♣.♣.♣.♣.♣.♣
#.....#
♣...♣5♣.♣...♣
##....# ♣.♣.♣
♣J♣.♣.♣.♣ #....#
..♣
♣...♣...♣♣##...#
♣.♣
♣.♣.♣.♣..'....##
..♣
♣.♣.♣...'......
..♣
♣.♣.♣..'......


You could see an ice beast.

Vanquished Creatures
  2 ogres
  A howler monkey (D:4)
  2 hounds (D:4)
  Natasha (thrice) (D:3)
  Terence (D:2)
  An orc wizard (D:3)
  Robin (D:2)
  3 gnolls (D:2)
  8 adders
  A worm (D:4)
  5 dart slugs
  11 orcs
  7 endoplasms
  A giant cockroach (D:1)
  17 goblins
  13 hobgoblins
  11 jackals
  13 kobolds
  3 quokkas
  7 ball pythons
  5 bats
  2 frilled lizards (D:3)
  7 rats
125 creatures vanquished.

Notes
Turn   | Place    | Note
-------+----------+-------------------------------------------
     0 | D:1      | jasper the Deep Elf Earth Elementalist began the quest for
                  | the Orb.
     0 | D:1      | Reached XP level 1. HP: 10/10 MP: 6/6
   198 | D:1      | Reached XP level 2. HP: 15/15 MP: 4/8
   247 | D:1      | Learned a level 2 spell: Passwall
   401 | D:1      | Found Lomuc's Antique Armour Emporium.
   706 | D:1      | Reached XP level 3. HP: 19/19 MP: 8/10
   950 | D:2      | Noticed Robin
   952 | D:2      | Reached skill level 4 in Earth Magic
   976 | D:2      | Killed Robin
   990 | D:2      | Learned a level 3 spell: Stone Arrow
  1143 | D:2      | Reached XP level 4. HP: 24/24 MP: 7/12
  1196 | D:2      | Found a shimmering blue altar of Sif Muna.
  1205 | D:2      | Became a worshipper of Sif Muna the Loreminder
  1231 | D:2      | Noticed Terence
  1235 | D:2      | Killed Terence
  1236 | D:2      | Reached skill level 1 in Conjurations
  1318 | D:2      | Reached XP level 5. HP: 10/28 MP: 5/14
  1539 | D:2      | Reached skill level 5 in Spellcasting
  1969 | D:3      | Reached * piety under Sif Muna
  2012 | D:3      | Reached skill level 5 in Earth Magic
  2033 | D:3      | Noticed Natasha
  2037 | D:3      | Killed Natasha
  2153 | D:3      | Noticed an ogre
  2161 | D:3      | Killed an ogre
  2162 | D:3      | Reached XP level 6. HP: 17/32 MP: 11/15
  2220 | D:3      | Found a faded altar of an unknown god.
  2594 | D:3      | Found a bloodstained altar of Trog.
  2595 | D:3      | Found a shimmering altar of Xom.
  2635 | D:3      | Found a shimmering blue altar of Sif Muna.
  2638 | D:3      | Found a radiant altar of Vehumet.
  2639 | D:3      | Found a sparkling altar of Nemelex Xobeh.
  2639 | D:3      | Found a sacrificial altar of Ru.
  2643 | D:3      | Found an opulent altar of Gozag.
  2870 | D:3      | Noticed Natasha
  2874 | D:3      | Killed Natasha
  2990 | D:3      | Noticed Natasha
  2996 | D:3      | Killed Natasha
  2997 | D:3      | Reached skill level 6 in Earth Magic
  3225 | D:4      | Reached ** piety under Sif Muna
  3226 | D:4      | Reached XP level 7. HP: 33/36 MP: 12/16
  3647 | D:4      | Noticed Grinder
  3652 | D:4      | Mangled by an ice beast

Illustrated notes

Levels and vault maps discovered:
D:1:      nzn_arrival_depleted_hourglass, layout_loops_ring, serial_shops,
          nicolae_shop_real_fake_doors, st_stairs_11
D:2:      layout_basic, basic_altar, uniq_robin, uniq_terence
D:3:      minmay_diamond_boxcup, layout_loops_ring, minitemple, serial_aquarium,
          aquarium_bridge_square [aquarium_subvault_wall,
          aquarium_subvault_bridge, aquarium_subvault_bridge,
          aquarium_subvault_window], aquarium_window_corner, aquarium_window_1,
          aquarium_window_corner, aquarium_window_3, aquarium_view_2d,
          aquarium_balcony_3b, aquarium_pool_split,
          chequers_ecumenical_altar_simple_redux, uniq_natasha
D:4:      layout_basic, grunt_ministairs_2, chequers_serial_rivers_small_3,
          kennysheep_cluttered_room, uniq_grinder

Skill      XL: |  1  2  3  4  5  6 |
---------------+-------------------+-----
Transmutations | 2 |  2.0
Spellcasting   | 4 5 |  5.0
Earth Magic    | 4 5 6 |  6.7
Conjurations   | 1 3 4 |  4.9
Dodging        | |  2.4
Stealth        | |  2.4

Action                     |  1- 3 |  4- 6 |  7- 9 || total
---------------------------+-------+-------+-------++-------
  Melee: Dagger            |     8 |       |       ||     8
   Cast: Sandblast         |    48 |   106 |    17 ||   171
    Use: Scroll            |     2 |     2 |       ||     4
         Potion            |       |     1 |       ||     1
 Armour: Robe              |     2 |     7 |       ||     9
  Dodge: Dodged            |    15 |    34 |     4 ||    53

Table legend: (Time is in decaauts)
 A = Elapsed time spent in this place.
 B = Non-inter-level travel time spent in this place.
 C = Inter-level travel time spent in this place.
 D = Time resting spent in this place.
 E = Time spent auto-exploring this place.
 F = Levels seen in this place.
 G = Mean time per level.
                   A        B        C        D        E       F      G
               +--------+--------+--------+--------+--------+-----+--------+
         Total |   3738 |   3612 |    126 |      0 |   3034 |   4 |  934.5 |
       Dungeon |   3738 |   3612 |    126 |      0 |   3034 |   4 |  934.5 |
               +--------+--------+--------+--------+--------+-----+--------+

Top non-repeatable levels by time:
     D:3: 1317 daAuts
     D:1: 914 daAuts
     D:2: 876 daAuts
     D:4: 630 daAuts
